 Dungeon Crawl Stone Soup version 0.23.2-40-g277498a001 (webtiles) character file.

Game seed: 17725692528913843129

163 MalarOregon the Stinger (level 5, 0/38 HPs)
             Began as a Merfolk Venom Mage on Aug 14, 2019.
             Slain by an adder (2 damage)
             ... on level 3 of the Dungeon.
             The game lasted 00:06:36 (2836 turns).

MalarOregon the Stinger (Merfolk Venom Mage)        Turns: 2836, Time: 00:06:37

Health: 0/38       AC:  3    Str:  9    XL:     5   Next: 44%
Magic:  0/8        EV: 13    Int: 15    God:
Gold:   192        SH:  4    Dex: 14    Spells: 3/9 levels left

rFire    . . .     SeeInvis .   t - +2 trident (flame)
rCold    . . .     Gourm    .   u - +0 buckler
rNeg     . . .     Faith    .   a - +0 robe
rPois    .         Spirit   .   (no helmet)
rElec    .         Reflect  .   (no cloak)
rCorr    .         Harm     .   (no gloves)
MR       .....                  l - +0 pair of boots
Stlth    ++........             (no amulet)
HPRegen  0.12/turn              (no ring)
MPRegen  0.11/turn              (no ring)

@: lethally poisoned (0 -> -1)
A: change form in water, swift swim, stealthy swim
a: no special abilities


You were on level 3 of the Dungeon.
You were not hungry.

You visited 1 branch of the dungeon, and saw 3 of its levels.

You collected 192 gold pieces.

Inventory:

Hand Weapons
 c - a +0 dagger
   (You took it off a goblin on level 1 of the Dungeon)
 q - a +0 hunting sling
   (You found it on level 1 of the Dungeon)
 t - a +2 trident of flaming (weapon)
   (You took it off an orc on level 3 of the Dungeon)
Missiles
 b - 116 stones (quivered)
 p - 26 sling bullets
Armour
 a - a +0 robe (worn)
 l - a +0 pair of boots (worn)
   (You found it on level 1 of the Dungeon)
 u - a +0 buckler (worn)
   (You found it on level 2 of the Dungeon)
Jewellery
 i - a +3 ring of strength {unknown}
   (You found it on level 1 of the Dungeon)
Scrolls
 d - 4 scrolls of identify {unknown}
 k - a scroll of blinking {unknown}
 n - a scroll of enchant weapon {unknown}
 o - 2 scrolls of random uselessness {unknown}
 r - 2 scrolls of immolation {unknown}
 s - a scroll of teleportation {unknown}
 v - a scroll of fear {unknown}
 x - a scroll of remove curse {unknown}
Potions
 f - a potion of haste {unknown}
 g - 3 potions of curing {unknown}
 h - 2 potions of heal wounds {unknown}
 j - 2 potions of brilliance {unknown}
 m - 2 potions of agility {unknown}
Comestibles
 e - 5 rations {!d}
 w - a chunk of flesh


   Skills:
 + Level 2.0 Fighting
 + Level 3.9 Dodging
 + Level 3.1 Stealth
 + Level 1.0 Shields
 + Level 2.6 Spellcasting
 - Level 1.0 Conjurations
 - Level 1.0 Air Magic
 + Level 3.9 Poison Magic


You had 3 spell levels left.
You knew the following spells:

 Your Spells              Type           Power        Failure   Level  Hunger
a - Sting                 Conj/Pois      #...         11%         1    #......
f - Mephitic Cloud        Conj/Pois/Air  #.......     38%         3    ###....
x - Poisonous Vapours     Pois/Air       #.....       17%         2    ###....

Your spell library contained the following spells:

 Spells                   Type           Power        Failure   Level  Hunger
 Olgreb's Toxic Radiance  Pois           ##......     52%         4    #####..
 Venom Bolt               Conj/Pois      #.........   97%         5    ######.


Dungeon Overview and Level Annotations

Branches:
Dungeon (3/15)

Altars:
Sif Muna
Yredelemnul
Zin


Message History

Aim: an adder You shoot a sling bullet.
The sling bullet misses the adder.
The sling bullet hits the kobold.
The adder bites you but does no damage.
Firing (i - inventory. (/) - cycle)
p - 30 sling bullets (quivered)
Aim: an adder You shoot a sling bullet.
The sling bullet barely misses the adder.
The sling bullet closely misses the kobold.
The sling bullet hits the orc but does no damage.
The adder closely misses you. The adder bites you.
* * * LOW HITPOINT WARNING * * *
Unknown command.
Aim: an orc, wielding a +1 whip of venom and wearing a +0 scale mail Poisonous vapours surround the orc!
You feel sick.
The orc is engulfed in poison gas.
The orc is poisoned.
You kill the orc!
The adder bites you.
* * * LOW HITPOINT WARNING * * *
Firing (i - inventory. (/) - cycle)
p - 29 sling bullets (quivered)
Aim: an adder You shoot a sling bullet.
The sling bullet barely misses the adder.
The sling bullet closely misses the kobold.
The adder closely misses you.
Firing (i - inventory. (/) - cycle)
p - 28 sling bullets (quivered)
Aim: an adder You shoot a sling bullet.
The sling bullet misses the adder.
The sling bullet hits the kobold.
You kill the kobold!
The adder completely misses you. The adder closely misses you.
Firing (i - inventory. (/) - cycle)
p - 27 sling bullets (quivered)
Aim: an adder You shoot a sling bullet.
The sling bullet closely misses the adder.
You feel sick. The adder barely misses you. The adder bites you.
* * * LOW HITPOINT WARNING * * *
Unknown command.
Firing (i - inventory. (/) - cycle)
p - 26 sling bullets (quivered)
Aim: an adder
Okay, then.
Wield which item (- for none, * to show all)? (? for menu, Esc to quit)
Your +2 trident of flaming bursts into flame!
t - a +2 trident of flaming (weapon)
You barely miss the adder. The adder bites you.
* * * LOW HITPOINT WARNING * * *
The adder completely misses you.
You hit the adder. You burn the adder.
You feel sick. The adder bites you.
* * * LOW HITPOINT WARNING * * *
The adder bites you.
You die...

############ ###..........#
############
.............####..........#####
...).....(...))S@..............#
....(.....†..####......[.......#
.............# #####..###.....#
...########### ##.# #.....# †..#
#.# #.....# #### #.###.....#
#..##.....# ##.##.....##
#..#.......


You could see an adder.

Vanquished Creatures
  An orc priest (D:3)
  6 adders
  2 worms
  2 dart slugs
  A leopard gecko (D:1)
  4 orcs (D:3)
  3 ball pythons
  4 bats
  3 giant cockroaches
  21 goblins
  3 hobgoblins
  A quokka (D:2)
  3 frilled lizards
  7 kobolds
  6 rats
  A spectral orc (D:2)
68 creatures vanquished.

Notes
Turn   | Place    | Note
-------+----------+-------------------------------------------
     0 | D:1      | MalarOregon the Merfolk Venom Mage began the quest for the
                  | Orb.
     0 | D:1      | Reached XP level 1. HP: 13/13 MP: 3/3
   205 | D:1      | Reached XP level 2. HP: 20/20 MP: 1/5
   353 | D:1      | Learned a level 2 spell: Poisonous Vapours
  1219 | D:2      | Reached XP level 3. HP: 25/25 MP: 6/6
  1229 | D:2      | Reached skill level 1 in Fighting
  1229 | D:2      | Reached skill level 1 in Conjurations
  1759 | D:2      | Reached XP level 4. HP: 30/32 MP: 7/7
  2218 | D:2      | Found a basalt altar of Yredelemnul.
  2460 | D:3      | Learned a level 3 spell: Mephitic Cloud
  2652 | D:3      | Found a deep blue altar of Sif Muna.
  2653 | D:3      | Found a glowing silver altar of Zin.
  2737 | D:3      | Reached XP level 5. HP: 37/38 MP: 1/8
  2813 | D:3      | Reached skill level 1 in Shields
  2813 | D:3      | Reached skill level 1 in Air Magic
  2836 | D:3      | Slain by an adder

Skill      XL: |  1  2  3  4  5 |
---------------+----------------+-----
Dodging        | 3 |  3.9
Fighting       | 1 2 |  2.0
Conjurations   | 1 |  1.0
Stealth        | 3 |  3.1
Shields        | 1 |  1.0
Air Magic      | 1 |  1.0
Spellcasting   | |  2.6
Poison Magic   | |  3.9

Action                   |  1- 3 |  4- 6 || total
-------------------------+-------+-------++-------
Melee: Unarmed           |     5 |       ||     5
       Dagger            |    14 |       ||    14
       Trident           |       |     2 ||     2
 Fire: Hunting sling     |    47 |    90 ||   137
 Cast: Sting             |    15 |       ||    15
       Poisonous Vapours |    13 |    16 ||    29
  Eat: Chunk             |     4 |     4 ||     8
Armor: Robe              |    12 |    15 ||    27
Dodge: Dodged            |    44 |    50 ||    94
Block: Buckler           |     1 |    13 ||    14
